Unix NetHack Version 5.0.0-0 post-release - last build May 23 2026 06:08:33 (1c0ff79ee797540d5714e4e18072db0edd9e58ae,branch:main).

Game began 2026-05-23 22:01:53, ended 2026-05-23 23:17:08.

ArrBianca, chaotic female human Barbarian

       ---
    ---..----            ---
    |.......|         ----.------    ---  -.
    |.......     ------.........------.---.-
   --......-   ---.....)e@M................|
  --......-   --..%---...GG...............0--  ---
  |.......--  |....| --.............(.......---..--
  |........| --....|  |.........--................-- --
  --...-- -- |..|..|  |.........|--...................|
   |..--------.-----  --........---.[.................|
   --.| |......|       --........<%...%).)...--- ...---
    |.| |.------        ---....>........--...-      -
    |.--|.|               |.............||....|
   --..--.|               ----....--....-----.|
   |......|                  ---.--|.....|    |
   -.....--                    -.- -....--
  |......|                      .) ......
  |...----                     ..---.--.--
  |..--                       ---- ------
  ---
ArrBianca the Bandit       St:18/01 Dx:18 Co:18 In:8 Wi:9 Ch:8  Chaotic
Dlvl:10 $:353 HP:0(81) Pw:16(22) AC:10 Xp:8 T:6671  Burdened

Latest messages:
 The gnome lord hits!
 The gnome lord thrusts one of his daggers.
 The gnome lord hits!
 The gnome throws a dagger!
 The dagger hits the gnome lord.
 The gnome lord thrusts one of his daggers.
 The gnome lord misses!
 The gnome lord thrusts one of his daggers.
 The gnome lord misses!
 The gnome wields 4 daggers!
 The daggers weld themselves to the gnome's hand!
 The gnome lord thrusts one of his daggers.
 The gnome lord just misses!
 The gnome lord thrusts one of his daggers.
 The gnome lord hits!
 The dwarf mummy hits!
 You return to human form!
 The gnome lord thrusts one of his daggers.
 The gnome lord hits!
 The dwarf mummy hits!
 The gnome lord thrusts one of his daggers.
 The gnome lord hits!
 The dwarf mummy hits!
 The gnome lord thrusts one of his daggers.
 The gnome lord hits!
 The gnome lord thrusts one of his daggers.
 The gnome lord hits!
 The gnome thrusts one of his daggers.
 The gnome hits!
 The gnome thrusts one of his daggers.
 The gnome hits!
 The gnome lord thrusts one of his daggers.
 The gnome lord hits!
 The dwarf mummy hits!
 The gnome lord thrusts one of his daggers.
 The gnome lord hits!
 The gnome thrusts one of his daggers.
 The gnome hits!
 The dwarf mummy hits!
 The gnome lord thrusts one of his daggers.
 The gnome lord hits!
 The gnome thrusts one of his daggers.
 The gnome hits!
 You die...
 Do you want your possessions identified? [ynq] (y) y
 Do you want to see your attributes? [ynq] (y) y
 Do you want an account of creatures vanquished? [ynaq] (y) y
 Do you want a list of species genocided? [ynq] (y) y
 Do you want to see your conduct and achievements? [ynq] (y) y
 Do you want to see the dungeon overview? [ynq] (y) y

Inventory:
 Coins    ('$')
  $ - 353 gold pieces
 Weapons  (')')
  K - 5 +0 arrows
  v - 10 +0 daggers (at the ready)
  a - a corroded +3 battle-axe
 Armor    ('[')
  g - an uncursed +0 dwarvish iron helm
  G - an uncursed +0 helmet
  H - a blessed +0 pair of leather gloves
  Q - an uncursed +0 pair of iron shoes
  I - an uncursed +0 pair of low boots
  R - an uncursed +0 dwarvish cloak
 Comestibles  ('%')
  q - an uncursed food ration
  i - an uncursed homemade tin of carnivorous ape meat
  u - an uncursed yellow dragon egg (laid by you)
 Scrolls  ('?')
  b - an uncursed scroll of create monster
  z - a blessed scroll of teleportation
 Spellbooks  ('+')
  j - an uncursed spellbook of detect unseen
 Potions  ('!')
  o - a blessed potion of healing
  T - 2 uncursed potions of healing
 Wands    ('/')
  l - a wand of create monster (0:10)
 Tools    ('(')
  h - an uncursed bag of holding named Bag of Holding containing 21 items
  J - an uncursed sack named for sale containing 1 item
  L - an uncursed brass lantern
  r - an uncursed skeleton key
  Z - an uncursed tin opener
  f - a tinning kit (0:52)

Contents of the bag of holding named Bag of Holding:
  a cursed amulet of strangulation
  14 blessed +0 arrows
  6 +0 arrows
  a +0 bow
  an uncursed +0 dwarvish mithril-coat
  an uncursed C-ration
  4 uncursed food rations
  an uncursed fortune cookie
  an uncursed lembas wafer
  an uncursed tripe ration
  a cursed scroll of blank paper
  an uncursed scroll of create monster
  an uncursed scroll of destroy armor
  an uncursed scroll of gold detection
  an uncursed spellbook of magic mapping
  a blessed potion of extra healing
  an uncursed potion of oil
  3 uncursed potions of water
  an uncursed ring of slow digestion
  a wand of secret door detection (0:0)
  a +0 pick-axe

Contents of the sack named for sale:
  an uncursed tin whistle

ArrBianca the Barbarian's attributes:

Background:
 You were a Bandit, a level 8 female human Barbarian.
 You were chaotic, on a mission for Set
 who was opposed by Mitra (lawful) and Crom (neutral).
 You were left-handed.
 You were in the Gnomish Mines, on level 10.
 You entered the dungeon 6671 turns ago.
 It was nighttime.
 You had 2232 experience points, 328 more were needed to attain level 9.

Basics:
 You had 0 out of 81 hit points.
 You had 16 out of 22 energy points (spell power).
 Your armor class was 10.
 Your wallet contained 353 zorkmids.
 Autopickup was on for '$?!/="+%' plus thrown, with exceptions.

Final Characteristics:
 Your strength was 18/01 (limit:18/100).
 Your dexterity was 18 (limit:18).
 Your constitution was 18 (limit:18).
 Your intelligence was 8 (limit:18).
 Your wisdom was 9 (limit:18).
 Your charisma was 8 (limit:18).

Final Status:
 You weren't hungry.
 You were burdened; movement was slightly slowed.
 You were bare handed.
 You had basic skill with bare handed combat.
 You weren't wearing any armor.

Final Attributes:
 You were piously aligned.
 You were poison resistant.
 You were fast.
 You are dead.

Miscellaneous:
 You didn't encounter any bones levels.
 Total elapsed playing time was 1 hour, 12 minutes and 36 seconds.

Major events:
 Turn
    1: ArrBianca the chaotic female human Barbarian entered the dungeon
  734: attained the rank of Pillager (level 3)
 1964: attained the rank of Bandit (level 6)
 2006: performed her first genocide (rothes)
 4410: entered the Gnomish Mines
 4948: reached Mine Town
 6671: killed by a gnome, while frozen by a floating eye's gaze

You didn't know any spells.

Skills:
 Fighting Skills
   bare handed combat [Basic]
   two weapon combat  [Unskilled]
   riding             [Unskilled]
 Weapon Skills
   dagger             [Unskilled]
   axe                [Expert]
   pick-axe           [Unskilled]
   short sword        [Basic]
   broadsword         [Unskilled]
   long sword         [Unskilled]
   two-handed sword   [Unskilled]
   saber              [Unskilled]
   club               [Unskilled]
   mace               [Unskilled]
   morning star       [Unskilled]
   flail              [Unskilled]
   hammer             [Unskilled]
   quarterstaff       [Unskilled]
   spear              [Unskilled]
   trident            [Unskilled]
   bow                [Unskilled]
 Spellcasting Skills
   attack spells      [Unskilled]
   escape spells      [Unskilled]

Voluntary challenges:
 Character rerolling was not enabled.
 You genocided 1 type of monster.
 You never polymorphed an object.
 You used no wishes.
Achievements:
 You attained the rank of Pillager.
 You attained the rank of Bandit.
 You entered a shop.
 You entered the Gnomish Mines.
 You entered Minetown.
 You entered a temple.

 The Dungeons of Doom: levels 1 to 8
    Level 1:
    Level 2:
       A sink.
    Level 3:
       A fountain.
       Stairs down to The Gnomish Mines.
    Level 4:
    Level 5:
    Level 6:
       Some fountains.
    Level 7: "the nymph with all my stuff"
       An armor shop.
    Level 8:
 The Gnomish Mines: levels 4 to 10
    Level 4:
    Level 6:
    Level 7:
       Many shops, a temple and an altar, many fountains.
    Level 8:
    Level 9:
    Level 10: <- You were here.
       Final resting place for
          you, killed by a gnome, while frozen by a floating eye's gaze.


Vanquished creatures:
  a small mimic
  a djinni
  a carnivorous ape
  a soldier
  a giant beetle
  a winter wolf cub
 an orc-captain
  2 black lights
  3 gnome rulers
 an orc mummy
  a lizard
  a dog
  a housecat
  a dwarf leader
  a blue jelly
  a rope golem
  5 bugbears
  4 Mordor orcs
  2 rock moles
  a pony
  a fog cloud
  a yellow light
  3 shriekers
 13 gnome leaders
  4 gnomish wizards
  a ghoul
  a giant ant
  a little dog
 15 dwarves
  a homunculus
  a kobold shaman
  a hill orc
  a rabid rat
  4 giant bats
 an orc zombie
  3 dwarf zombies
  a wererat
  a werejackal
  4 iguanas
  2 acid blobs
  2 gas spores
  a large kobold
 11 hobgoblins
  a brown mold
  3 yellow molds
  a green mold
  a red mold
 48 gnomes
  3 gnome zombies
  9 geckos
  7 jackals
  a fox
  2 kobolds
  5 goblins
  4 sewer rats
  2 grid bugs
  a bat
  6 lichens
  3 kobold zombies
 12 newts
214 creatures vanquished.

Genocided species:
 rothes
1 species genocided.

Game over:
                       ----------
                      /          \
                     /    REST    \
                    /      IN      \
                   /     PEACE      \
                  /                  \
                  |    ArrBianca     |
                  |      353 Au      |
                  |   killed by a    |
                  |      gnome       |
                  |                  |
                  |                  |
                  |       2026       |
                 *|     *  *  *      | *
        _________)/\\_//(\/(/\)/\//\/|_)_______

Goodbye ArrBianca the Barbarian...

You died in The Gnomish Mines on dungeon level 10 with 9826 points,
and 353 pieces of gold, after 6671 moves.
You were level 8 with a maximum of 81 hit points when you died.

